 Dungeon Crawl Stone Soup version 0.27.1-34-g3ba077fa99 (webtiles) character file.

Game seed: 14982267020489927551

2 comborobin the Sneak (level 1, 0/20 HPs)
             Began as a Hill Orc Delver on Jan 6, 2022.
             Was an Initiate of the Shining One.
             Slain by an adder (4 damage)
             ... on level 3 of the Dungeon.
             The game lasted 00:01:20 (509 turns).

comborobin the Sneak (Hill Orc Delver)               Turns: 509, Time: 00:01:20

Health: 0/20       AC:  3    Str: 14    XL:     1   Next: 30%
Magic:  0/0        EV: 11    Int: 10    God:    the Shining One [......]
Gold:   30         SH:  0    Dex: 12    Spells: 0/0 levels left

rFire    . . .     SeeInvis .   a - +2 war axe (antimagic)
rCold    . . .     Faith    .   (no shield)
rNeg     . . .     Spirit   .   b - +0 leather armour
rPois    .         Reflect  .   (no helmet)
rElec    .         Harm     .   (no cloak)
rCorr    .         Rampage  .   (no gloves)
Will     .....                  (no boots)
Stlth    +.........             (no amulet)
HPRegen  0.06/turn              (no ring)
MPRegen  0.07/turn              (no ring)

@: mighty, lethally poisoned (0 -> -5), glowing
A: no striking features
a: Renounce Religion


You were on level 3 of the Dungeon.
You worshipped the Shining One.
The Shining One was noncommittal.
You visited 2 branches of the dungeon, and saw 5 of its levels.

You collected 30 gold pieces.

Inventory:

Hand Weapons
 a - a +2 antimagic war axe (weapon)
 f - a +0 hand axe
 j - a +3 short sword of speed
Armour
 b - a +0 leather armour (worn)
Wands
 g - a wand of digging (3)
Scrolls
 c - a scroll of fog
 d - a scroll of immolation {unknown}
 e - a scroll of fear


   Skills:
 + Level 3.7 Fighting
 - Level 2.6 Axes
 - Level 1.5 Dodging
 - Level 4.1 Stealth


You couldn't memorise any spells.
You didn't know any spells.
Your spell library was empty.

Dungeon Overview and Level Annotations

Branches:
Dungeon (6/15)             Temple (1/1) D:5

Altars:
Ashenzari
Elyvilon
Fedhas
Gozag
Hepliaklqana
Uskayaw
Wu Jian
Zin
The Shining One
Lugonu


Message History

A hound zombie comes into view.
The adder misses you.
You barely miss the adder. The adder completely misses you.
The adder bites you.
You slash the adder!
The adder is almost dead.
The adder bites you.
You closely miss the adder.
The adder is almost dead.
The adder barely misses you. The adder completely misses you.
You barely miss the adder.
The adder is severely wounded.
You completely miss the hound zombie. The hound zombie bites you.
The adder barely misses you. The hound zombie closely misses you.
The adder barely misses you.
You closely miss the adder.
The adder is severely wounded.
You slash the hound zombie! The hound zombie closely misses you.
The adder bites you but does no damage. The hound zombie barely misses you.
The adder bites you.
You are poisoned.
The adder poisons you!
You barely miss the adder.
The adder is severely wounded.
You slash the hound zombie!
You feel sick. The hound zombie bites you.
* * * LOW HITPOINT WARNING * * *
The adder misses you. The hound zombie bites you.
* * * LOW HITPOINT WARNING * * *
The adder bites you.
* * * LOW HITPOINT WARNING * * *
It was a potion of curing.
You feel better. The hound zombie closely misses you. The adder bites you.
* * * LOW HITPOINT WARNING * * *
You are lethally poisoned!
The adder poisons you!
It was a potion of might.
You feel very mighty all of a sudden.
* * * LOW HITPOINT WARNING * * *
You feel sick. The hound zombie closely misses you. The adder bites you.
You die...

#
###########.##.
.......>.......
######.@......#
#.ZS.....#
#........#
#........#
#........#
#.......##
#(......#
#.......#


You could see an adder and a hound zombie.

Vanquished Creatures
  An endoplasm (D:4)
  A kobold (D:4)
2 creatures vanquished.

Notes
Turn   | Place    | Note
-------+----------+-------------------------------------------
     0 | D:5      | comborobin the Hill Orc Delver began the quest for the Orb.
     0 | D:5      | Reached XP level 1. HP: 19/19 MP: 1/1
    33 | D:6      | Noticed a howler monkey
    52 | D:5      | Found a staircase to the Ecumenical Temple.
    61 | D:5      | Noticed an iguana
    63 | D:5      | Noticed a black bear
    66 | Temple   | Entered the Ecumenical Temple
   116 | Temple   | Became a worshipper of the Shining One
   135 | D:5      | Noticed a hound
   507 | D:3      | HP: 1/20 [adder (1)]
   509 | D:3      | Slain by an adder

Illustrated notes

Levels and vault maps discovered:
D:3:      layout_rooms, bloody_makhleb, lemuel_doored_altar,
          chequers_ecumenical_altar_simple_redux
D:4:      layout_basic, grunt_temple_overflow_magic_moments, trog_book, tgw_xom
D:5:      kennysheep_spiral_hall, layout_basic, okawaru_trees_2,
          yredelemnul_altar_generic, minmay_temple_entry_mini_moons
D:6:      layout_rooms
Temple:   corrupted_temple

Action                   || total
-------------------------++-------
Melee: War axe           ||     6
       Short sword       ||     2
       Hand axe          ||     2
  Use: Potion            ||     3
       Scroll            ||     2
Armor: Leather armour    ||     2
Dodge: Dodged            ||    16
